 Dungeon Crawl Stone Soup version 0.28.0-53-g5a82cb258f (webtiles) character file.

Game seed: 665930296927225707

4780 unlimited1921 the Thaumaturge (level 10, -6/63 HPs)
             Began as a Djinni Fire Elementalist on July 21, 2022.
             Was a Believer of Qazlal.
             Hit by a stone thrown by a tengu warrior (14 damage)
             ... on level 8 of the Dungeon.
             The game lasted 00:40:53 (11570 turns).

unlimited1921 the Thaumaturge (DjFE)               Turns: 11570, Time: 00:40:54

Health: -6/63      AC: 12    Str:  7    XL:     10   Next: 75%
Gold:   227        EV: 28    Int: 21    God:    Qazlal [**....] SH:  3 Dex: 14

rFire   + + .      SeeInvis +   L - +7 spear of Evil {vamp, SInv}
rCold   x . .      Faith    .   (no shield)
rNeg    . . .      Spirit   .   a - +0 steam dragon scales
rPois   ∞          Reflect  .   l - +0 helmet
rElec   .          Harm     .   g - +0 cloak
rCorr   .          Rampage  .   (no gloves)
Will    +....                   (boots unavailable)
Stlth   ++........              f - amulet of the acrobat
HPRegen 0.20/turn               r - ring of wizardry
MPRegen 0.00/turn               J - +4 ring of protection

@: confusing by touch, acrobatic, flying
A: sickness immunity, fire resistance 2, cold vulnerability 1, float, innate
caster, HP casting, extra vitality 1
a: Renounce Religion, Upheaval


You were on level 8 of the Dungeon.
You worshipped Qazlal.
Qazlal was pleased with you.
You visited 1 branch of the dungeon, and saw 8 of its levels.

You collected 451 gold pieces.
You spent 224 gold pieces at shops.

Inventory:

Hand Weapons
 b - a +0 short sword
 j - a +0 antimagic dagger
 w - a +2 whip of electrocution
 A - a +2 dagger of speed
 C - a +2 dagger of venom
 D - a +0 vorpal hand axe
 F - a +4 short sword of venom
 K - a +2 hunting sling of flaming
 L - the +7 spear of Evil (weapon) {vamp, SInv}
   (You found it on level 4 of the Dungeon)

   It occasionally heals its wielder for a portion of the damage dealt when it
   wounds a living foe.
   SInv:      It lets you see invisible.
Missiles
 e - 12 boomerangs
 i - 81 bolts
 m - 109 stones
 z - 5 javelins
 I - 8 atropa-tipped darts
Armour
 a - +0 steam dragon scales (worn)
 g - a +0 cloak (worn)
 l - a +0 helmet (worn)
Jewellery
 f - an amulet of the acrobat (around neck)
 r - a ring of wizardry (left hand)
 J - a +4 ring of protection (right hand)
Wands
 E - a wand of acid (14) (quivered)
Scrolls
 q - 2 scrolls of immolation
 s - a scroll of enchant weapon
 v - 3 scrolls of teleportation
 y - 2 scrolls of vulnerability
 B - 3 scrolls of amnesia {unknown}
 G - a scroll of summoning {unknown}
 H - 3 scrolls of enchant armour {unknown}
 N - a scroll of magic mapping {unknown}
Potions
 c - a potion of berserk rage {unknown}
 h - 2 potions of heal wounds
 k - 5 potions of curing
 n - a potion of haste
 p - 3 potions of cancellation {unknown}
 t - 4 potions of brilliance {unknown}
 u - a potion of ambrosia {unknown}
 x - 2 potions of mutation {unknown}
 M - a potion of lignification {unknown}


   Skills:
 + Level 1.4 Fighting
 + Level 0.2 Throwing
 + Level 5.1 Armour
 + Level 3.7 Dodging
 + Level 3.7 Stealth
 + Level 0.8 Shields
 + Level 10.4 Spellcasting


You had 7 spell levels left.
You knew the following spells:

 Your Spells              Type           Power      Damage    Failure   Level
a - Foxfire               Conj/Fire      100%       2x1d9     1%          1
b - Scorch                Fire           100%       2d10      1%          2
c - Conjure Flame         Conj/Fire      53%        6-21      1%          3
d - Inner Flame           Hex/Fire       53%        N/A       1%          3
e - Flame Wave            Conj/Fire      53%        2d11      1%          4
f - Animate Skeleton      Necr           100%       N/A       1%          1
g - Ensorcelled Hibernat  Hex/Ice        100%       N/A       1%          2
h - Tukima's Dance        Hex            53%        N/A       1%          3
i - Confusing Touch       Hex            53%        N/A       1%          3
Your spell library was empty.

Dungeon Overview and Level Annotations

Branches:
Dungeon (8/15)             Temple (0/1) D:5
   Lair: D:8-11

Altars:
Hepliaklqana
Kikubaaqudgha
Makhleb
Qazlal
Ru
Uskayaw
Vehumet
Zin

Shops:
D:4 !   D:5 :


Innate Abilities, Weirdness & Mutations

You are immune to sickness and miasma.
You are immune to poison.
Your flesh is very heat resistant. (rF++)
You are vulnerable to cold. (rC-)
You float through the air rather than walking.
You learn spells naturally, not from books.
Your magical power is your life essence.
You have superior vitality. (+4 MHP)


Message History

Unknown command.
Casting: Confusing Touch (safe; 1% risk of failure)
Confirm with . or Enter, or press ? or * to list all spells.
You don't know that spell.
Casting: Confusing Touch (safe; 1% risk of failure)
Confirm with . or Enter, or press ? or * to list all spells.
Your hands begin to glow brighter.
The tengu warrior hits you!
The tengu warrior pecks you but does no damage.
The tengu warrior claws you but does no damage.
Unknown command.
The tengu warrior throws a stone.
The stone misses you.
Casting: Confusing Touch (safe; 1% risk of failure)
Confirm with . or Enter, or press ? or * to list all spells.
Okay, then.
Unknown command.
Aiming: Corrosive Bolt
Press: ? - help, Q - select action, (/) - cycle Shift-Dir - straight line, f/p - tengu warrior
Aim: a tengu warrior, wearing a +4 plate armour of cold resistance, wearing a +2 kite shield of protection, wearing a ring of see invisible and quivering stones (moderately wounded, more vulnerable to fire, chance to confuse on hit: 56%, 60% to hit)
The bolt of acid hits the tengu warrior.
The tengu warrior is moderately wounded.
The tengu warrior throws a stone.
The stone completely misses you.
The tengu warrior blocks something's attack.
Aiming: Corrosive Bolt
Press: ? - help, Q - select action, (/) - cycle Shift-Dir - straight line, f/p - tengu warrior
Aim: a tengu warrior, wearing a +4 plate armour of cold resistance, wearing a +2 kite shield of protection, wearing a ring of see invisible and quivering stones (moderately wounded, more vulnerable to fire, chance to confuse on hit: 56%, 60% to hit)
The bolt of acid misses the tengu warrior.
The tengu warrior throws a stone.
The stone closely misses you.
Aiming: Corrosive Bolt
Press: ? - help, Q - select action, (/) - cycle Shift-Dir - straight line, f/p - tengu warrior
Aim: a tengu warrior, wearing a +4 plate armour of cold resistance, wearing a +2 kite shield of protection, wearing a ring of see invisible and quivering stones (moderately wounded, more vulnerable to fire, chance to confuse on hit: 56%, 60% to hit)
The bolt of acid hits the tengu warrior!
The tengu warrior is moderately wounded.
The tengu warrior is no longer more vulnerable to fire.
The tengu warrior blocks something's attack.
The tengu warrior throws a stone.
The stone hits you!
* * * LOW HITPOINT WARNING * * *
You see here 4 large rocks.
The tengu warrior blocks your +0 long sword's attack.
The tengu warrior throws a stone.
The stone hits you!
You die...

##.##
##........
##.##
##.......
##.##
##......
##.##
##.....
#...##
##....
#.##..##
##... ##
##..##
##......
##..##
..##....#
##@.##
..##...#.#
##(.##
(.##.......
##.Q#..#
.##>#.#
##.(?# # #.
##.## ##


You could see a tengu warrior (ally target) and a friendly +0 long sword.

Vanquished Creatures
  3 cyclopes
  A manticore (D:8)
  Maggie (D:8)
  Prince Ribbit (D:8)
  A steam dragon (D:4)
  A vampire mosquito (D:7)
  A water moccasin (D:8)
  An orc warrior (D:6)
  A necrophage (D:6)
  3 black bears (D:7)
  2 ogres (D:4)
  A centaur (D:7)
  A phantom (D:6)
  Blork the orc (D:6)
  A bullfrog (D:6)
  2 scorpions
  4 howler monkeys
  2 bullfrog zombies (D:6)
  A jelly (D:6)
  3 centaur zombies
  4 hounds
  2 centaur skeletons
  A gnoll shaman (D:6)
  A bullfrog skeleton (D:6)
  Natasha (thrice) (D:2)
  7 iguanas
  4 orc wizards
  Robin (D:2)
  A howler monkey skeleton (D:5)
  9 gnolls
  3 adders
  A shadow imp (D:5)
  A white imp (D:5)
  2 dart slugs
  23 orcs
  6 ball pythons
  8 endoplasms
  2 giant cockroaches
  18 goblins
  5 hobgoblins
  5 jackals
  8 kobolds
  4 quokkas
  3 bats
  3 frilled lizards
157 creatures vanquished.

Vanquished Creatures (collateral kills)
  An orc (D:7)
  A foxfire (D:3)
2 creatures vanquished.

Vanquished Creatures (others)
  2 dancing weapons (D:5)
  443 foxfires
  A plant (D:3)
446 creatures vanquished.

Grand Total: 605 creatures vanquished

Notes
Turn   | Place    | Note
-------+----------+-------------------------------------------
     0 | D:1      | unlimited1921 the Djinni Fire Elementalist began the quest
                  | for the Orb.
     0 | D:1      | Reached XP level 1. HP: 15/15 MP: 0/0
   550 | D:1      | Reached XP level 2. HP: 17/21 MP: 0/0
  1194 | D:1      | Noticed a great orb of eyes
  1201 | D:1      | Found a faded altar of an unknown god.
  1203 | D:1      | Noticed a golden eye
  1203 | D:1      | Noticed a shining eye
  1203 | D:1      | Noticed a shining eye
  1601 | D:2      | Reached skill level 3 in Spellcasting
  1604 | D:2      | Reached XP level 3. HP: 20/25 MP: 0/0
  1604 | D:2      | Learned a level 1 spell: Animate Skeleton
  1645 | D:2      | Noticed Robin
  1650 | D:2      | Killed Robin
  1661 | D:2      | Reached XP level 4. HP: 9/31 MP: 0/0
  2020 | D:2      | Found a hide-covered altar of Uskayaw.
  2024 | D:2      | Noticed Natasha
  2031 | D:2      | Killed Natasha
  2138 | D:2      | Noticed Natasha
  2141 | D:2      | Killed Natasha
  2142 | D:2      | Reached XP level 5. HP: 23/35 MP: 0/0
  2142 | D:2      | Learned a level 2 spell: Ensorcelled Hibernation
  2609 | D:2      | Noticed Natasha
  2613 | D:2      | Killed Natasha
  2614 | D:2      | Reached skill level 4 in Spellcasting
  2909 | D:3      | Found a hazy altar of Hepliaklqana.
  4619 | D:4      | Reached XP level 6. HP: 32/40 MP: 0/0
  4799 | D:4      | Noticed a steam dragon
  4800 | D:4      | You are sucked into a shaft and drop 2 floors!
  4800 | D:6      | Found a stormy altar of Qazlal.
  4804 | D:6      | Became a worshipper of Qazlal Stormbringer
  4998 | D:6      | Reached skill level 5 in Spellcasting
  5249 | D:6      | Reached XP level 7. HP: 39/45 MP: 0/0
  5249 | D:6      | Learned a level 3 spell: Tukima's Dance
  5306 | D:6      | Found a sacrificial altar of Ru.
  5323 | D:6      | Reached * piety under Qazlal
  5576 | D:6      | Reached skill level 6 in Spellcasting
  5945 | D:6      | Reached skill level 1 in Armour
  5945 | D:6      | Reached XP level 8. HP: 46/50 MP: 0/0
  6493 | D:6      | Noticed Blork the orc
  6498 | D:6      | Killed Blork the orc
  6762 | D:5      | Entered Level 5 of the Dungeon
  6772 | D:5      | Found Piruq's Book Shop.
  7335 | D:5      | Found a staircase to the Ecumenical Temple.
  7383 | D:5      | Found a burning altar of Makhleb.
  7395 | D:5      | Found a glowing silver altar of Zin.
  7395 | D:5      | Noticed an angel
  7396 | D:5      | Noticed an Executioner
  7470 | D:5      | Reached skill level 7 in Spellcasting
  7914 | D:5      | Found a hide-covered altar of Uskayaw.
  8595 | D:4      | Reached XP level 9. HP: 34/55 MP: 0/0
  8595 | D:4      | Learned a level 3 spell: Confusing Touch
  8843 | D:4      | Found Qeas's Distillery.
  8851 | D:4      | Bought 2 potions of heal wounds for 140 gold pieces
  8851 | D:4      | Bought 2 potions of curing for 84 gold pieces
  8902 | D:4      | Reached ** piety under Qazlal
  9697 | D:4      | Identified the +7 spear of Evil {vamp, SInv}
  9883 | D:7      | Reached skill level 8 in Spellcasting
  9898 | D:7      | Noticed a cyclops
  9907 | D:7      | Killed a cyclops
 10030 | D:7      | Reached skill level 9 in Spellcasting
 10192 | D:7      | Reached skill level 1 in Fighting
 10321 | D:7      | Reached XP level 10. HP: 56/62 MP: 0/0
 10757 | D:7      | Noticed a cyclops
 10765 | D:7      | Killed a cyclops
 11194 | D:8      | Noticed Maggie
 11199 | D:8      | Killed Maggie
 11200 | D:8      | Reached skill level 10 in Spellcasting
 11200 | D:8      | Noticed Prince Ribbit
 11211 | D:8      | Killed Prince Ribbit
 11434 | D:8      | Noticed a manticore
 11441 | D:8      | Killed a manticore
 11442 | D:8      | Reached skill level 5 in Armour
 11447 | D:8      | Noticed a cyclops
 11455 | D:8      | Killed a cyclops
 11558 | D:8      | Noticed a tengu warrior
 11570 | D:8      | Hit by a stone thrown by a tengu warrior

Illustrated notes

Levels and vault maps discovered:
D:1:      elethiomel_arrival_maze, layout_basic,
          hellmonk_ecumenical_altar_watching_god, minmay_pentomino_s4
D:2:      layout_rooms, basic_altar, uniq_natasha, uniq_robin
D:3:      layout_basic, mainiacjoe_overflow_boulevard
D:4:      layout_basic, mainiacjoe_overflow_small_starburst, serial_shops,
          nicolae_shop_stone, minmay_increasing_density
D:5:      layout_basic, grunt_temple_overflow_order_and_chaos_2,
          mainiacjoe_overflow_swirl, lemuel_temple_firewalk_b, serial_shops,
          nicolae_shop_stone, minmay_door_square, palyth_stone_intersect,
          chequers_serial_rivers_small_b
D:6:      layout_loops_cross, kennysheep_mini_moat, grunt_qazlal_clouds,
          roderic_lattice_a, uniq_blork_the_orc
D:7:      layout_rooms, minmay_three_doors
D:8:      layout_rooms, minmay_diamond_spiral, uniq_maggie, uniq_prince_ribbit1

Skill      XL: |  1  2  3  4  5  6  7  8  9 10 |
---------------+-------------------------------+-----
Spellcasting   | 3 4 5 6 7 9 10 | 10.4
Stealth        | 2 3 |  3.7
Armour         | 1 3 4 5 |  5.1
Dodging        | 3 |  3.7
Fighting       | 1 |  1.4
Throwing       | |  0.2
Shields        | |  0.8

Action                   |  1- 3 |  4- 6 |  7- 9 | 10-12 || total
-------------------------+-------+-------+-------+-------++-------
Melee: Short sword       |       |       |     3 |       ||     3
       Spear             |       |       |       |     5 ||     5
Throw: Dart              |       |       |       |     2 ||     2
 Cast: Foxfire           |    34 |    69 |   127 |    24 ||   254
       Scorch            |    10 |    12 |    39 |    14 ||    75
       Inner Flame       |       |    13 |    32 |     5 ||    50
       Tukima's Dance    |       |       |     5 |     5 ||    10
       Confusing Touch   |       |       |       |     2 ||     2
       Ensorcelled Hiber |       |       |       |     2 ||     2
       Conjure Flame     |       |       |       |     1 ||     1
Evoke: Wand              |       |       |       |     3 ||     3
  Use: Scroll            |       |       |     4 |       ||     4
Armor: Robe              |     2 |     3 |       |       ||     5
       Ring mail         |       |     1 |    13 |    10 ||    24
       Steam dragon scal |       |       |       |     4 ||     4
Dodge: Dodged            |     3 |     4 |    27 |    16 ||    50
Block: Other             |       |       |     5 |     1 ||     6
